MLB
ARIZONA DIAMONDBACKS @ COLORADO ROCKIES
08/14/2023
 
TOP OF THE 1ST
Arizona Diamondbacks batting - Pitching for Colorado Rockies : LHP Shane McClanahan
Pitching: LHP Shane McClanahan
Batting: LHB Raimel Tapia 0-0: Ground out U3 (Groundball, 3, EV 106.9 MPH)
Batting: LHB Alex Verdugo 0-0: Ground out 6-3 (Groundball, 6M, EV 90.6 MPH)
Batting: RHB Fernando Tatis Jr. 0-0: Foul Ball, location: 9LMF
0-1: Foul Ball, location: 23FF
0-2: Ball
1-2: Ball
2-2: Foul Ball, location: 7LDF
2-2: Strikes out swinging
Top of the 1st over - 0 runs, 0 hits, 0 errors, 0 left on base; Arizona 0 - Colorado 0
BOTTOM OF THE 1ST
Colorado Rockies batting - Pitching for Arizona Diamondbacks : LHP Bailey Falter
Pitching: LHP Bailey Falter
Batting: LHB Shohei Ohtani 0-0: Fly out, F8 (Line Drive, 8RD, EV 100.0 MPH)
Batting: RHB Luis Robert 0-0: Called Strike
0-1: DOUBLE (Line Drive, 89D, EV 108.8 MPH)
Batting: RHB Aaron Judge 0-0: Ball
1-0: Called Strike
1-1: Foul Ball, location: 5FF
1-2: Ball
2-2: Strikes out looking
Batting: RHB Pete Alonso 0-0: Foul Ball, location: 23FF
0-1: Ball
1-1: Ball
2-1: Foul Ball, location: 9LSF
2-2: Fly out, F4 (Popup, 4, EV 61.9 MPH)
Bottom of the 1st over - 0 runs, 1 hit, 0 errors, 1 left on base; Arizona 0 - Colorado 0
TOP OF THE 2ND
Arizona Diamondbacks batting - Pitching for Colorado Rockies : LHP Shane McClanahan
Batting: RHB Christian Walker 0-0: Called Strike
0-1: Ball
1-1: Ball
2-1: Called Strike
2-2: Ball
3-2: SINGLE (Flyball, 3D, EV 91.3 MPH)
Batting: RHB Anthony Rendon 0-0: Ball
1-0: Fly out, F4 (Popup, 4, EV 70.0 MPH)
Batting: LHB Pavin Smith 0-0: Foul Ball, location: 2F
0-1: Fly out, F6 (Popup, 4MD, EV 43.1 MPH)
Batting: RHB Ramon Laureano 0-0: Fly out, F9 (Flyball, 89D, EV 100.6 MPH)
Top of the 2nd over - 0 runs, 1 hit, 0 errors, 1 left on base; Arizona 0 - Colorado 0
BOTTOM OF THE 2ND
Colorado Rockies batting - Pitching for Arizona Diamondbacks : LHP Bailey Falter
Batting: RHB Willy Adames 0-0: Ball
1-0: Called Strike
1-1: Ball
2-1: Foul Ball, location: 5F
2-2: Foul Ball, location: 2F
2-2: Ball
3-2: Ground out 5-3 (Groundball, 5S, EV 89.4 MPH)
Batting: LHB Gavin Lux 0-0: Ball
1-0: Called Strike
1-1: Ball
2-1: Ball
3-1: Called Strike
3-2: DOUBLE (Line Drive, 78XD, EV 107.5 MPH)
Batting: RHB J.T. Realmuto 0-0: Foul Ball, location: 2F
0-1: Ball
1-1: Ball
2-1: 2-RUN HOME RUN (Flyball, 8LXD, EV 110.0 MPH), Distance : 426 ft
Batting: RHB Christopher Morel 0-0: Foul Ball, location: 2F
0-1: Ball
1-1: Swinging Strike
1-2: Ball
2-2: Strikes out swinging
Batting: RHB Bobby Dalbec 0-0: Swinging Strike
0-1: SOLO HOME RUN (Flyball, 7D, EV 105.6 MPH), Distance : 384 ft
Batting: LHB Shohei Ohtani 0-0: Called Strike
0-1: Ball
1-1: Called Strike
1-2: Strikes out swinging
Bottom of the 2nd over - 3 runs, 3 hits, 0 errors, 0 left on base; Arizona 0 - Colorado 3
TOP OF THE 3RD
Arizona Diamondbacks batting - Pitching for Colorado Rockies : LHP Shane McClanahan
Batting: LHB Ryan McMahon 0-0: Ball
1-0: Ball
2-0: Ball
3-0: Called Strike
3-1: Fly out, F8 (Flyball, 8RD, EV 106.3 MPH)
Batting: RHB Brian Serven 0-0: Ball
1-0: Called Strike
1-1: Fly out, F7 (Flyball, 7LS, EV 88.1 MPH)
Batting: LHB Raimel Tapia 0-0: Fly out, F5 (Popup, 5SF, EV 70.0 MPH)
Top of the 3rd over - 0 runs, 0 hits, 0 errors, 0 left on base; Arizona 0 - Colorado 3
BOTTOM OF THE 3RD
Colorado Rockies batting - Pitching for Arizona Diamondbacks : LHP Bailey Falter
Batting: RHB Luis Robert 0-0: Ball
1-0: Ball
2-0: Called Strike
2-1: Called Strike
2-2: Foul Ball, location: 2F
2-2: Foul Ball, location: 3SF
2-2: Foul Ball, location: 3F
2-2: Ball
3-2: SINGLE (Groundball, 6MS, EV 66.3 MPH) (infield hit)
Batting: RHB Aaron Judge 0-0: Ball
1-0: Foul Ball, location: 9LSF
1-1: Swinging Strike
1-2: Ball
2-2: Strikes out swinging
Batting: RHB Pete Alonso 0-0: Ball
1-0: Ball
2-0: Called Strike
2-1: Foul Ball, location: 2F
2-2: Ball
3-2: Base on Balls
Luis Robert to second
Batting: RHB Willy Adames 0-0: Foul Ball, location: 2F
0-1: Ball
1-1: Ball
2-1: Ball
3-1: 3-RUN HOME RUN (Flyball, 78XD, EV 97.5 MPH), Distance : 398 ft
Pitching: RHP Chris Stratton
Batting: LHB Gavin Lux 0-0: Ball
1-0: Ball
2-0: Called Strike
2-1: Ball
3-1: Fly out, F9 (Line Drive, 89M, EV 97.5 MPH)
Batting: RHB J.T. Realmuto 0-0: Ball
1-0: Foul Ball, location: 9LDF
1-1: Ball
2-1: Ball
3-1: DOUBLE (Groundball, 3L, EV 94.4 MPH)
Batting: RHB Christopher Morel 0-0: Ball
1-0: Called Strike
1-1: Ball
2-1: Fly out, F8 (Flyball, 8RM, EV 96.9 MPH)
Bottom of the 3rd over - 3 runs, 3 hits, 0 errors, 1 left on base; Arizona 0 - Colorado 6
TOP OF THE 4TH
Arizona Diamondbacks batting - Pitching for Colorado Rockies : LHP Shane McClanahan
Batting: LHB Alex Verdugo 0-0: Ball
1-0: Fly out, F9 (Flyball, 89M, EV 80.6 MPH)
Batting: RHB Fernando Tatis Jr. 0-0: Called Strike
0-1: DOUBLE (Flyball, 8RXD, EV 109.4 MPH)
Batting: RHB Christian Walker 0-0: Ground out U3 (Groundball, 3, EV 90.0 MPH)
Fernando Tatis Jr. to third
Batting: RHB Anthony Rendon 0-0: Ground out 5-3 (Groundball, 56, EV 90.6 MPH)
Top of the 4th over - 0 runs, 1 hit, 0 errors, 1 left on base; Arizona 0 - Colorado 6
BOTTOM OF THE 4TH
Colorado Rockies batting - Pitching for Arizona Diamondbacks : RHP Chris Stratton
Batting: RHB Bobby Dalbec 0-0: Ball
1-0: Ball
2-0: Fly out, F8 (Flyball, 78XD, EV 103.8 MPH)
Pitching: RHP Trevor Williams
Batting: LHB Shohei Ohtani 0-0: Ball
1-0: Swinging Strike
1-1: Ball
2-1: Swinging Strike
2-2: Strikes out swinging
Batting: RHB Luis Robert 0-0: Fly out, F8 (Flyball, 8RM, EV 93.1 MPH)
Bottom of the 4th over - 0 runs, 0 hits, 0 errors, 0 left on base; Arizona 0 - Colorado 6
TOP OF THE 5TH
Arizona Diamondbacks batting - Pitching for Colorado Rockies : LHP Shane McClanahan
Batting: LHB Pavin Smith 0-0: DOUBLE (Flyball, 89D, EV 89.4 MPH)
Batting: RHB Ramon Laureano 0-0: Ball
1-0: Called Strike
1-1: Swinging Strike
1-2: Ball
2-2: Ball
3-2: Foul Ball, location: 25FF
3-2: Strikes out swinging
Batting: LHB Ryan McMahon 0-0: Ball
1-0: Called Strike
1-1: Swinging Strike
1-2: Foul Ball, location: 2F
1-2: Foul Ball, location: 2RF
1-2: Fly out, F7 (Flyball, 7S, EV 90.0 MPH)
Batting: RHB Brian Serven 0-0: Fly out, F7 (Line Drive, 7LS, EV 91.3 MPH)
Top of the 5th over - 0 runs, 1 hit, 0 errors, 1 left on base; Arizona 0 - Colorado 6
BOTTOM OF THE 5TH
Colorado Rockies batting - Pitching for Arizona Diamondbacks : RHP Trevor Williams
Batting: RHB Aaron Judge 0-0: Ball
1-0: Foul Ball, location: 9LMF
1-1: Swinging Strike
1-2: Ball
2-2: Ball
3-2: Strikes out swinging
Batting: RHB Pete Alonso 0-0: Called Strike
0-1: Foul Ball, location: 5F
0-2: Ball
1-2: Strikes out swinging
Batting: RHB Willy Adames 0-0: Swinging Strike
0-1: Called Strike
0-2: Ball
1-2: Ground out 6-3 (Groundball, 6, EV 85.0 MPH)
Bottom of the 5th over - 0 runs, 0 hits, 0 errors, 0 left on base; Arizona 0 - Colorado 6
TOP OF THE 6TH
Arizona Diamondbacks batting - Pitching for Colorado Rockies : LHP Shane McClanahan
Batting: LHB Raimel Tapia 0-0: Foul Ball, location: 25F
0-1: Ball
1-1: Ball
2-1: Swinging Strike
2-2: Strikes out looking
Batting: LHB Alex Verdugo 0-0: Ball
1-0: Ball
2-0: Called Strike
2-1: Foul Ball, location: 5F
2-2: Strikes out swinging
Batting: RHB Fernando Tatis Jr. 0-0: Ball
1-0: Swinging Strike
1-1: Swinging Strike
1-2: Ball
2-2: Ball
3-2: SINGLE (Line Drive, 3D, EV 96.3 MPH)
Batting: RHB Christian Walker 0-0: Called Strike
0-1: Ball
1-1: Swinging Strike
1-2: Ball
2-2: Foul Ball, location: 2F
2-2: Strikes out looking
Top of the 6th over - 0 runs, 1 hit, 0 errors, 1 left on base; Arizona 0 - Colorado 6
BOTTOM OF THE 6TH
Colorado Rockies batting - Pitching for Arizona Diamondbacks : RHP Trevor Williams
Batting: LHB Gavin Lux 0-0: Ball
1-0: Called Strike
1-1: SINGLE (Line Drive, 8RS, EV 84.4 MPH)
Batting: RHB J.T. Realmuto 0-0: Called Strike
0-1: Called Strike
0-2: Foul Ball, location: 2F
0-2: Fly out, F9 (Line Drive, 9D, EV 76.9 MPH)
Batting: RHB Christopher Morel 0-0: Ball
1-0: Ball
2-0: Ball
3-0: Called Strike
3-1: Base on Balls
Gavin Lux to second
Batting: RHB Bobby Dalbec 0-0: Called Strike
0-1: Called Strike
0-2: Ball
1-2: Strikes out swinging
Batting: LHB Shohei Ohtani 0-0: Called Strike
0-1: Ball
1-1: Ball
2-1: Fly out, F7 (Flyball, 7, EV 99.4 MPH)
Bottom of the 6th over - 0 runs, 1 hit, 0 errors, 2 left on base; Arizona 0 - Colorado 6
TOP OF THE 7TH
Arizona Diamondbacks batting - Pitching for Colorado Rockies : LHP Shane McClanahan
Pitching: LHP Jeffrey Springs
Batting: RHB Anthony Rendon 0-0: Called Strike
0-1: Ball
1-1: Foul Ball, location: 2F
1-2: Ball
2-2: Ball
3-2: Ground out 6-3 (Groundball, 6, EV 81.3 MPH)
Batting: LHB Pavin Smith 0-0: Swinging Strike
0-1: Ground out 4-3 (Groundball, 34D, EV 102.5 MPH)
Batting: RHB Ramon Laureano 0-0: Called Strike
0-1: Called Strike
0-2: Ball
1-2: Foul Ball, location: 9LMF
1-2: Ground out 6-3 (Groundball, 6S, EV 64.4 MPH)
Top of the 7th over - 0 runs, 0 hits, 0 errors, 0 left on base; Arizona 0 - Colorado 6
BOTTOM OF THE 7TH
Colorado Rockies batting - Pitching for Arizona Diamondbacks : RHP Trevor Williams
Pitching: LHP David Peterson
Batting: RHB Luis Robert 0-0: Fly out, F8 (Flyball, 89D, EV 86.9 MPH)
Batting: RHB Aaron Judge 0-0: Called Strike
0-1: Ball
1-1: Ball
2-1: Fly out, F7 (Flyball, 7D, EV 105.0 MPH)
Batting: RHB Pete Alonso 0-0: SOLO HOME RUN (Flyball, 78XD, EV 104.4 MPH), Distance : 400 ft
Batting: RHB Willy Adames 0-0: Ball
1-0: Foul Ball, location: 9LMF
1-1: Ball
2-1: Foul Ball, location: 2F
2-2: Strikes out looking
Bottom of the 7th over - 1 run, 1 hit, 0 errors, 0 left on base; Arizona 0 - Colorado 7
TOP OF THE 8TH
Arizona Diamondbacks batting - Pitching for Colorado Rockies : LHP Jeffrey Springs
Pinch Hitting: RHB Patrick Wisdom 0-0: Foul Ball, location: 3FF
0-1: Ball
1-1: Ground out 5-3 (Groundball, 56, EV 102.5 MPH)
Batting: RHB Brian Serven 0-0: Ball
1-0: Ball
2-0: Swinging Strike
2-1: Swinging Strike
2-2: Foul Ball, location: 9LDF
2-2: Strikes out looking
Batting: LHB Raimel Tapia 0-0: Called Strike
0-1: Called Strike
0-2: Ground out 1-3 (Groundball, 15S, EV 63.1 MPH)
Top of the 8th over - 0 runs, 0 hits, 0 errors, 0 left on base; Arizona 0 - Colorado 7
BOTTOM OF THE 8TH
Colorado Rockies batting - Pitching for Arizona Diamondbacks : LHP David Peterson
Now at 2B: Patrick Wisdom
Batting: LHB Gavin Lux 0-0: Called Strike
0-1: Fly out, F8 (Flyball, 8RS, EV 90.0 MPH)
Batting: RHB J.T. Realmuto 0-0: SINGLE (Line Drive, 78M, EV 100.0 MPH)
Batting: RHB Christopher Morel 0-0: Called Strike
J.T. Realmuto steals 2nd base (no throw)
0-1: Foul Ball, location: 9LDF
0-2: Ground out 6-3 (Groundball, 6M, EV 92.5 MPH)
Batting: RHB Bobby Dalbec 0-0: Fly out, F7 (Flyball, 78S, EV 94.4 MPH)
Bottom of the 8th over - 0 runs, 1 hit, 0 errors, 1 left on base; Arizona 0 - Colorado 7
TOP OF THE 9TH
Arizona Diamondbacks batting - Pitching for Colorado Rockies : LHP Jeffrey Springs
Pitching: RHP Brusdar Graterol
Batting: LHB Alex Verdugo 0-0: Called Strike
0-1: Ball
1-1: Foul Ball, location: 2F
1-2: Ball
2-2: Strikes out swinging
Batting: RHB Fernando Tatis Jr. 0-0: Called Strike
0-1: Ball
1-1: Swinging Strike
1-2: Ground out 5-3 (Groundball, 56S, EV 91.3 MPH)
Batting: RHB Christian Walker 0-0: Ball
1-0: Foul Ball, location: 2LF
1-1: Called Strike
1-2: Strikes out looking
Top of the 9th over - 0 runs, 0 hits, 0 errors, 0 left on base; Arizona 0 - Colorado 7
Sunday, October 29th , 2023 - OOTP Baseball 24.10 Build 82